 Dungeon Crawl Stone Soup version 0.16-a0-4024-g0ecf4ac (console) character file.

8209 Fusha the Nimble (level 11, -8/64 HPs)
             Began as a Gargoyle Warper on Feb 12, 2015.
             Was an Initiate of Gozag.
             Mangled by a polar bear (10 damage)
             ... on level 2 of the Lair of Beasts on Feb 18, 2015.
             The game lasted 01:15:37 (14289 turns).

Fusha the Nimble (Gargoyle Warper)                 Turns: 14289, Time: 01:15:38

Health: -8/64      AC: 20    Str: 18    XL:     11   Next: 27%
Magic:  23/23      EV: 19    Int: 17    God:    Gozag
Gold:   1419       SH:  0    Dex:  9    Spells: 5 memorised, 9 levels left

rFire  + . .     SeeInvis +     F - +0 quarterstaff {pain, MR+ Str+3 SInv Stlth-} (curse)
rCold  + . .     Clarity  .     A - +2 robe {rC+ rF+}
rNeg   + . .     SustAb   .     (no shield)
rPois  ∞         Gourm    .     q - +2 helmet
rElec  +         Spirit   .     (no cloak)
rCorr  .         Warding  .     D - +0 pair of gloves
rMut   .         Stasis   .     d - +2 pair of boots
MR     +....                    P - amulet of inaccuracy (curse)
Stlth  ..........               m - +4 ring of evasion
                                I - ring of loudness (curse)

@: somewhat resistant to hostile enchantments, extremely unstealthy
A: fangs 1, thin metallic scales 1, negative energy resistance 1, electricity
resistance, spit poison 1, unbreathing, petrification resistance, rot immunity,
AC +7
a: Spit Poison, Potion Petition, Call Merchant, Bribe Branch, Renounce Religion


You were on level 2 of the Lair of Beasts.
You worshipped Gozag.
Gozag was noncommittal.
You were very full.

You visited 3 branches of the dungeon, and saw 12 of its levels.
You also visited: Ice Cave.

You collected 1923 gold pieces.
You spent 385 gold pieces at shops.
You paid 119 gold pieces to Gozag.

Inventory:

Hand weapons
 a - a +1 mace
 s - a -1 quarterstaff
 y - a +5 mace of holy wrath
 F - the cursed +0 quarterstaff "Goblinbane" (weapon) {pain, MR+ Str+3 SInv Stlth-}
   (You found it on level 6 of the Dungeon)

   In the hands of one skilled in necromantic magic, it inflicts extra damage on
   living creatures.
   It affects your strength (+3).
   It affects your resistance to hostile enchantments.
   It enhances your eyesight.
   It makes you less stealthy.
   It has a curse placed upon it.
Missiles
 e - a tomahawk of dispersal (quivered)
 g - 168 stones
 j - 16 poisoned needles
Armour
 b - a +0 leather armour
 d - a +2 pair of boots (worn)
 o - a +1 animal skin
 q - a +2 helmet (worn)
 v - a +2 shield
 A - a +2 robe of resistance (worn)
 D - a +0 pair of gloves (worn)
Jewellery
 m - a +4 ring of evasion (right hand)
 w - an uncursed ring of teleport control
 B - an uncursed ring of ice
 H - an uncursed ring of ice
 I - a cursed ring of loudness (left hand)
 P - a cursed amulet of inaccuracy (around neck)
Magical devices
 p - a wand of digging (13)
 x - a wand of magic darts (16)
 R - a wand of confusion (7)
Scrolls
 k - 2 scrolls of teleportation
 n - 3 scrolls of amnesia
 E - a scroll of noise {unknown}
 G - a scroll of random uselessness {unknown}
 J - 2 scrolls of recharging {unknown}
 L - a scroll of fear {unknown}
Potions
 h - 3 potions of curing
 i - a potion of degeneration
 u - a potion of magic
 z - a potion of cancellation
 C - 3 potions of restore abilities
 K - a potion of brilliance
 M - 2 potions of flight
 U - a potion of resistance
Books
 c - a book of Spatial Translocations

   Spells                             Type                      Level
   a - Apportation                    Translocation                1
   b - Blink                          Translocation                2
   c - Shroud of Golubria             Charms/Translocation         2
   d - Portal Projectile              Translocation                3
   e - Teleport Other                 Translocation                3
   f - Passage of Golubria            Translocation                4
Comestibles
 f - 7 bread rations


   Skills:
 + Level 6.1 Fighting
 - Level 3.0(4.5) Maces & Flails
 + Level 5.2(5.6) Staves
 + Level 5.7 Throwing
 - Level 1.1 Armour
 + Level 9.9 Dodging
 - Level 1.3 Stealth
 + Level 5.1 Spellcasting
 + Level 2.6 Charms
 + Level 5.3 Translocations
 + Level 0.4 Evocations


You had 9 spell levels left.
You knew the following spells:

 Your Spells              Type           Power        Failure   Level  Hunger
a - Apportation           Tloc           ###.......   1%          1    None
b - Blink                 Tloc           N/A          2%          2    #......
c - Portal Projectile     Tloc           ###...       6%          3    ###....
d - Teleport Other        Tloc           ###.....     6%          3    ###....
e - Shroud of Golubria    Chrm/Tloc      ###.......   4%          2    #......


Dungeon Overview and Level Annotations

Branches:
Dungeon (9/15)             Temple (1/1) D:4            Lair (2/8) D:9
    Orc: D:9-12

Altars:
Cheibriados
Elyvilon
Gozag
Makhleb
Nemelex Xobeh
Okawaru
Ru
Sif Muna
Trog
Vehumet
Zin

Shops:
D:4 %=   D:5 ?   D:8 }

Annotations:
D:6 kroki's ghost, experienced OpFE
D:9 Prince Ribbit


Innate Abilities, Weirdness & Mutations

You are resistant to torment.
You are immune to poison.
Your stone body is very resilient (AC +7).
You resist negative energy.
You are resistant to electric shocks.
You can survive without breathing.
You are immune to petrification.
You are immune to rotting.
You have very sharp teeth.
You are partially covered in thin metallic scales (AC +2).
You can spit poison.


Message History

Throwing (i - inventory. (,) - cycle):
e - 3 tomahawks of dispersal (quivered)
Press: ? - help, Shift-Dir - straight line, f - polar bear
Aim: a polar bear (almost dead, berserk, fast, unusually strong)
You throw a tomahawk of dispersal.
The tomahawk of dispersal hits the polar bear but does no damage.
The polar bear is almost dead.
The polar bear misses you.
The polar bear claws you but does no damage. x2
Throwing (i - inventory. (,) - cycle):
e - 2 tomahawks of dispersal (quivered)
Press: ? - help, Shift-Dir - straight line, f/p - polar bear
Aim: a polar bear (almost dead, berserk, fast, unusually strong)
You throw a tomahawk of dispersal.
The tomahawk of dispersal hits the polar bear but does no damage.
The polar bear is almost dead.
The polar bear bites you but does no damage.
The polar bear completely misses you. The polar bear claws you.
* * * LOW HITPOINT WARNING * * *
The polar bear bites you!
You die...
Your body crumbles into a pile of gold.

*##.#####...........#...#
**##*,,#.........P......#
,,,,,,..................#
,,,,,,.................##
,,,,,,.................#
*,,,,,.................#
+,,,,,.................#
*,,,,,......##.........#
*****,*.P..###..@......#
**,$**,.#..*#....h.....#
*,,,,,,,..,#...........#
*,,,,,,,*..............#*
+,,,,,,**...............*
,,****,**....###+##....#*
,,***,,*,,.##***,,,P...*
,,,,,,,,,,,,,,,,,,,...,*
,,,,,,,,,,,,,,,,,,,,F,,**


You could see a polar bear (berserk).

Vanquished Creatures
  An unseen horror (D:8)
  The ghost of timbw the Twirler, an experienced HaGl of Dithmenos (D:7)
  A polar bear (IceCv)
  A komodo dragon (Lair:1)
  A basilisk (Lair:1)
  A wyvern (D:8)
  A human (D:7)
  A hog (D:7)
  A hungry ghost (D:9)
  A deep elf fighter (D:9)
  3 hippogriffs
  3 yaks
  2 wolves (IceCv)
  3 water moccasins
  2 porcupines
  A phantom (D:4)
  2 sky beasts (D:7)
  2 black bears
  3 ice beasts
  3 ogres
  A centaur (D:8)
  A necrophage (D:9)
  A big kobold (D:7)
  Sigmund (D:7)
  A gnoll sergeant (D:5)
  Blork the orc (D:5)
  5 giant frogs
  A water moccasin skeleton (D:5)
  6 scorpions
  12 killer bees
  A wight (D:7)
  An electric eel (Lair:1)
  A goliath beetle (D:7)
  4 jellies
  4 crimson imps
  2 giant frog zombies
  A centaur skeleton (D:4)
  5 orc wizards
  A centaur zombie (D:8)
  A gnoll shaman (D:6)
  3 iguanas
  4 hounds
  3 orc priests
  4 worker ants
  2 sheep (D:7)
  Jessica (D:2)
  A hound skeleton (D:8)
  Robin (D:2)
  9 adders
  A worker ant zombie (D:5)
  19 gnolls
  25 river rats
  11 white imps (Lair:2)
  3 giant mites
  4 worms
  2 adder skeletons
  2 adder zombies
  An ooze (D:2)
  19 orcs
  17 bats
  5 giant cockroaches
  19 goblins
  19 hobgoblins
  8 jackals
  2 ball pythons
  6 giant geckos
  A giant gecko skeleton (D:5)
  A giant gecko zombie (D:7)
  4 giant newts
  17 kobolds
  4 quokkas
  15 rats
  6 ballistomycetes
324 creatures vanquished.

Vanquished Creatures (others)
  A porcupine (Lair:2)
  A river rat (Lair:1)
  A white imp (Lair:2)
  2 giant spores
  A fungus (D:9)
6 creatures vanquished.

Grand Total: 330 creatures vanquished

Notes
Turn   | Place    | Note
--------------------------------------------------------------
     0 | D:1      | Fusha, the Gargoyle Warper, began the quest for the Orb.
     0 | D:1      | Reached XP level 1. HP: 12/12 MP: 3/3
   355 | D:1      | Reached XP level 2. HP: 17/17 MP: 4/4
   446 | D:1      | Reached XP level 3. HP: 18/22 MP: 6/6
   450 | D:1      | Learned a level 2 spell: Blink
   454 | D:1      | Learned a level 3 spell: Portal Projectile
   663 | D:1      | Reached skill level 3 in Translocations
   871 | D:2      | Noticed Robin
  1396 | D:2      | Reached XP level 4. HP: 27/27 MP: 1/7
  1756 | D:2      | Noticed Jessica
  1765 | D:2      | Killed Jessica
  1881 | D:2      | Killed Robin
  2145 | D:2      | Reached XP level 5. HP: 24/31 MP: 6/9
  3631 | D:4      | Found Sharchekh's Jewellery Boutique.
  3656 | D:4      | Reached XP level 6. HP: 36/36 MP: 7/11
  3661 | D:4      | Learned a level 3 spell: Teleport Other
  3707 | D:4      | Found a staircase to the Ecumenical Temple.
  3712 | Temple   | Entered the Ecumenical Temple
  3726 | Temple   | Became a worshipper of Gozag Ym Sagoz the Greedy
  3764 | D:4      | Found an iron altar of Okawaru.
  3814 | D:4      | Noticed a phantom
  3886 | D:4      | Killed a phantom
  3982 | D:4      | Upgraded the game from 0.16-a0-3992-g631dd12 to 0.16-a0-3997-g61da7c2
  4718 | D:4      | Found a sparkling altar of Nemelex Xobeh.
  4970 | D:4      | Reached XP level 7. HP: 32/40 MP: 13/13
  5069 | D:4      | Found Zejiezom's Food Shoppe.
  5082 | D:4      | Gained mutation: You are partially covered in thin metallic scales (AC +2). [potion of mutation]
  5082 | D:4      | Gained mutation: You can spit poison. [potion of mutation]
  5082 | D:4      | Gained mutation: You have very sharp teeth. [potion of mutation]
  5182 | D:5      | Entered Level 5 of the Dungeon
  5289 | D:5      | Reached skill level 1 in Stealth
  5542 | D:5      | Reached skill level 4 in Throwing
  5627 | D:5      | Noticed Blork the orc
  5680 | D:5      | Killed Blork the orc
  5849 | D:5      | Learned a level 2 spell: Shroud of Golubria
  6157 | D:5      | Found Acof's Magic Scroll Shop.
  6161 | D:5      | Found a burning altar of Makhleb.
  6181 | D:5      | Reached XP level 8. HP: 42/46 MP: 16/16
  6190 | D:5      | Bought a scroll of remove curse for 42 gold pieces
  6190 | D:5      | Bought a scroll of identify for 28 gold pieces
  6285 | D:5      | Bought 3 scrolls of enchant weapon for 315 gold pieces
  6669 | D:5      | Reached skill level 5 in Dodging
  6710 | D:6      | Got a twisted quarterstaff
  6711 | D:6      | Identified the cursed +0 quarterstaff "Goblinbane" {pain, MR+ Str+3 SInv Stlth-} (You found it on level 6 of the Dungeon)
  6740 | D:6      | Reached skill level 1 in Staves
  7015 | D:6      | Noticed kroki's ghost (experienced OpFE)
  8182 | D:7      | Noticed Sigmund
  8198 | D:7      | Killed Sigmund
  8198 | D:7      | Reached skill level 6 in Dodging
  8254 | D:6      | Upgraded the game from 0.16-a0-3997-g61da7c2 to 0.16-a0-4024-g0ecf4ac
  8922 | D:6      | Reached XP level 9. HP: 49/52 MP: 18/18
  9072 | D:7      | Noticed timbw's ghost (experienced HaGl)
  9140 | D:7      | Killed timbw's ghost
  9140 | D:7      | Reached skill level 1 in Charms
  9484 | D:7      | Reached skill level 5 in Throwing
  9709 | D:7      | Reached skill level 7 in Dodging
  9941 | D:7      | Reached skill level 5 in Fighting
 10095 | D:7      | Reached XP level 10. HP: 56/59 MP: 5/20
 10415 | D:8      | Reached skill level 8 in Dodging
 10711 | D:8      | Noticed an unseen horror
 10763 | D:8      | Killed an unseen horror
 10990 | D:8      | Found Vexonkun's Quality Used Wands.
 11926 | D:9      | Noticed Prince Ribbit
 11986 | D:9      | Reached skill level 9 in Dodging
 12184 | D:9      | Found a staircase to the Lair.
 12196 | D:9      | Reached skill level 5 in Translocations
 12217 | Lair:1   | Entered Level 1 of the Lair of Beasts
 12232 | Lair:1   | HP: 2/60 [komodo dragon (5)]
 12913 | Lair:1   | Reached XP level 11. HP: 56/64 MP: 19/22
 13136 | Lair:1   | Reached skill level 5 in Staves
 13177 | Lair:1   | Reached skill level 5 in Spellcasting
 13251 | Lair:1   | Noticed a seven-headed hydra
 13645 | Lair:2   | Found a frozen archway.
 13795 | IceCv    | Entered an ice cave
 14289 | Lair:2   | HP: 2/64 [polar bear (6)]
 14289 | Lair:2   | Mangled by a polar bear

Action                   |  1- 3 |  4- 6 |  7- 9 | 10-12 || total
-------------------------+-------+-------+-------+-------++-------
Melee: Mace              |   148 |   132 |    48 |       ||   328
       Quarterstaff      |       |   132 |   818 |  1309 ||  2259
Throw: Stone             |    26 |   153 |    42 |    20 ||   241
       Tomahawk          |       |    46 |   102 |    49 ||   197
 Cast: Portal Projectile |     3 |    18 |    18 |    11 ||    50
       Shroud of Golubri |       |       |    30 |    78 ||   108
       Teleport Other    |       |       |     1 |       ||     1
 Abil: Spit Poison       |       |       |     1 |       ||     1
Evoke: Wand              |       |       |       |    12 ||    12
  Use: Scroll            |     3 |     7 |    13 |     5 ||    28
       Potion            |       |     2 |     2 |     7 ||    11
 Stab: Sleeping          |       |       |     1 |       ||     1
       Distracted        |       |       |     1 |     3 ||     4
       Invisible         |       |       |     1 |     1 ||     2
       Confused          |       |       |       |     1 ||     1
  Eat: Bread ration      |     1 |     1 |     3 |       ||     5
       Meat ration       |       |     1 |     2 |     2 ||     5
       Pizza             |       |     1 |       |     7 ||     8
       Beef jerky        |       |     1 |     1 |     2 ||     4
